 Dungeon Crawl Stone Soup version 0.19.0-22-gd96e5fe (webtiles) character file.

1729 esc the Slinger (level 9, -2/61 HPs)
             Began as a Halfling Hunter on Nov 18, 2016.
             Was a Priest of Okawaru.
             Killed by nerve-wracking pain
             ... invoked by an orc priest
              (10 damage)
             ... on level 6 of the Dungeon.
             The game lasted 00:18:05 (5811 turns).

esc the Slinger (Halfling Hunter)                   Turns: 5811, Time: 00:18:06

Health: -2/61      AC: 11    Str: 21    XL:     9   Next: 25%
Magic:  13/13      EV: 17    Int:  9    God:    Okawaru [***...]
Gold:   302        SH:  0    Dex: 15    Spells: 0 memorised, 8 levels left

rFire  . . .     SeeInvis .     c - +1 short sword (drain)
rCold  . . .     Gourm    .     m - +2 ring mail {MR+}
rNeg   . . .     Faith    +     (shield restricted)
rPois  +         Spirit   .     (no helmet)
rElec  .         Reflect  .     (no cloak)
rCorr  +         Harm     .     x - +0 pair of gloves
MR     +....                    w - +2 pair of boots
Stlth  +.........               E - amulet of faith {Faith, !P}
                                t - ring of poison resistance {rPois, !d}
                                l - ring of resist corrosion

@: mighty
A: mutation resistance 1
a: Heroism, Renounce Religion


You were on level 6 of the Dungeon.
You worshipped Okawaru.
Okawaru was most pleased with you.
You were not hungry.

You visited 1 branch of the dungeon, and saw 6 of its levels.
You also visited: Sewer.

You collected 302 gold pieces.

Inventory:

Hand Weapons
 a - a +1 hunting sling
 c - a +1 short sword of draining (weapon)
   (You took it off an orc on level 5 of the Dungeon)
 z - a +0 blowgun
   (You took it off a kobold on level 3 of the Dungeon)
Missiles
 e - 6 stones (quivered)
 j - 4 poisoned tomahawks
 C - 13 poisoned needles
Armour
 m - a +2 ring mail of magic resistance (worn)
   (You found it on level 1 of the Dungeon)
 w - a +2 pair of boots (worn)
   (You found it on level 3 of the Dungeon)
 x - a +0 pair of gloves (worn)
   (You found it on level 3 of the Dungeon)
Jewellery
 l - a ring of resist corrosion (left hand)
   (You took it off a goblin on level 1 of the Dungeon)
 t - a ring of poison resistance (right hand) {rPois, !d}
   (You found it on level 2 of the Dungeon)
 u - an uncursed amulet of regeneration {+regen, !d}
   (You found it on level 2 of the Dungeon)
 E - an amulet of faith (around neck) {Faith, !P}
   (You found it on level 3 of the Dungeon)
Wands
 F - a wand of lightning (13/15)
   (You found it on level 5 of the Dungeon)
Scrolls
 h - a scroll of identify
 k - 3 scrolls of amnesia
 n - 2 scrolls of noise {!r}
 v - 3 scrolls of recharging
 y - 4 scrolls of remove curse
Potions
 d - 2 potions of flight
 g - a potion of brilliance
 A - a potion of curing
Comestibles
 b - 14 chunks of flesh {@w0}
 f - 5 bread rations {@e1}
 p - 4 meat rations {@e2}
 B - a beef jerky


   Skills:
 + Level 5.0 Fighting
 + Level 10.3 Slings
 - Level 2.1 Armour
 + Level 6.3 Dodging
 - Level 1.1 Stealth
 + Level 5.6 Invocations


You had 8 spell levels left.
You didn't know any spells.

Dungeon Overview and Level Annotations

Branches:
Dungeon (6/15)             Temple (0/1) D:4

Altars:
Okawaru
Ru
Trog
Vehumet

Shops:
D:5 [

Annotations:
D:5 1 runed door


Innate Abilities, Weirdness & Mutations

You are small and have problems with some larger weapons.
You are somewhat resistant to further mutation.


Message History

a dagger; a robe; a halberd; a spear; a ring mail; a buckler There isn't anything to butcher here.
There isn't anything to butcher here.
Items here: ) [ †† a scale mail; a giant club; an orc corpse; a bullfrog corpse You butcher the orc corpse.
b - 13 chunks of flesh {@w0} (gained 1)
Items here: ) [ ÷ † a scale mail; a giant club; an orc skeleton; a bullfrog corpse You butcher the bullfrog corpse.
b - 15 chunks of flesh {@w0} (gained 2)
Things that are here:
a scale mail; a giant club; an orc skeleton There isn't anything to butcher here.
There isn't anything to butcher here.
You start resting.
Eating one of 15 chunks of flesh {@w0}.
You start eating one of the 15 chunks of flesh {@w0}.
You regained 2 hp, and now have 23/61 hp.
Wield which item (- for none, * to show all)? (? for menu, Esc to quit)
z - a +0 blowgun (weapon)
Aim: an orc priest, wielding an enchanted flail (hasn't noticed you)
Your line of fire to the orc priest is blocked by a withered plant.
Continue anyway?
Okay, then.
The orc priest shouts!
Things that are here:
a scale mail; a giant club; an orc skeleton
Aim: an orc priest, wielding an enchanted flail You shoot a poisoned needle.
The poisoned needle barely misses the orc priest.
Aim: an orc priest, wielding an enchanted flail You shoot a poisoned needle.
The poisoned needle hits the orc priest.
Aim: an orc priest, wielding an enchanted flail You shoot a poisoned needle.
The poisoned needle barely misses the orc priest.
The orc priest calls down the wrath of Beogh upon you.
Pain shoots through your body!
You take 3 damage, and have 21/61 hp.
Aim: an orc priest, wielding an enchanted flail You shoot a poisoned needle.
The poisoned needle hits the orc priest.
The orc priest is poisoned.
The orc priest shouts!
Aim: an orc priest, wielding an enchanted flail (poisoned)
You shoot a poisoned needle.
The poisoned needle closely misses the orc priest.
The poisoned needle barely misses the orc priest.
The orc priest begins to cast a cantrip, but forgets the words!
The orc priest closely misses you.
The orc priest shouts!
Items here: ))) [[[ a dagger; a robe; a halberd; a spear; a ring mail; a buckler The orc priest closely misses you.
The giant cockroach closely misses you.
Your magical contamination has completely faded away.
You see here a hand axe.
You feel very mighty all of a sudden. The giant cockroach closely misses you.
The orc priest closely misses you.
Okay, then.
Wield which item (- for none, * to show all)? (? for menu, Esc to quit)
You sense an unholy aura.
c - a +1 short sword of draining (weapon)
The giant cockroach barely misses you.
Okay, then.
You closely miss the orc priest. The giant cockroach closely misses you.
The orc priest completely misses you.
The orc priest calls upon Beogh to heal the orc priest.
The orc priest's wounds heal themselves!
The giant cockroach closely misses you.
The orc priest begins to cast a cantrip, but forgets the words!
You hit the orc priest.
The orc priest looks more healthy.
The orc priest looks encouraged for a moment.
The orc priest miscasts a cantrip.
The orc priest calls upon Beogh to heal the orc priest.
The orc priest's wounds heal themselves!
The giant cockroach closely misses you. The orc priest closely misses you.
You closely miss the orc priest.
The orc priest mumbles some strange prayers to Beogh against you.
Beogh smites you!
* * * LOW HITPOINT WARNING * * *
The giant cockroach barely misses you.
You take 14 damage, and have 9/61 hp.
MASSIVE DAMAGE!!
You puncture the orc priest! The orc priest completely misses you.
The giant cockroach barely misses you. The giant cockroach misses you.
You puncture the orc priest!
You kill the orc priest!
Okawaru accepts your kill.
The orc priest hits you but does no damage.
The orc priest looks braver for a moment.
The giant cockroach bites you but does no damage.
You hit the orc priest but do no damage.
The orc priest misses you. The giant cockroach closely misses you.
The orc priest barely misses you.
You closely miss the orc priest.
The giant cockroach bites you but does no damage.
The orc priest hits you with a war axe.
* * * LOW HITPOINT WARNING * * *
The orc priest invokes the aid of Beogh against you.
Pain shoots through your body!
You die...

...................#
.....+..(.......(..#
**#....?(####...!..#
,.........((.(.(...#
,.........(..P.P(..#
,.#..#.....(.(.(...#
,,#+*###..(..8(.o..#
,,*,,,*##...P()soo[#
*****,,_########@).#
*****,,,***,,,*#####
,**,*_,,,**,,,,*
,*,*****,*,,,,,*
,**,*,**,+,,,,,*
,***,******,,,,* ,*
*****,,,,,,,* *****
*,,***,,**
*,,,***,,******


You could see 3 orc priests and a giant cockroach.

Vanquished Creatures
  Edmund (D:5)
  4 ogres
  A big kobold (Sewer)
  A bullfrog (D:6)
  A gnoll sergeant (D:6)
  3 scorpions
  A water moccasin skeleton (D:5)
  A crimson imp (D:6)
  A centaur zombie (D:6)
  A bullfrog zombie (D:6)
  2 hounds (D:6)
  A centaur skeleton (D:6)
  7 orc priests
  5 orc wizards
  5 worker ants
  A worker ant zombie (D:5)
  7 adders
  5 gnolls
  A river rat (Sewer)
  A shadow imp (D:5)
  An ooze (D:3)
  5 worms
  3 dart slugs
  4 leopard geckos
  11 orcs
  7 goblins
  5 hobgoblins
  6 jackals
  5 quokkas
  A ball python (D:3)
  2 bats (D:1)
  4 frilled lizards
  17 kobolds
  7 rats
128 creatures vanquished.

Notes
Turn   | Place    | Note
-------+----------+-------------------------------------------
     0 | D:1      | esc the Halfling Hunter began the quest for the Orb.
     0 | D:1      | Reached XP level 1. HP: 14/14 MP: 1/1
   118 | D:1      | Reached skill level 6 in Slings
   169 | D:1      | Reached XP level 2. HP: 19/19 MP: 2/2
   864 | D:2      | Reached XP level 3. HP: 24/24 MP: 3/3
   912 | D:2      | Reached skill level 2 in Fighting
  1071 | D:2      | Reached skill level 7 in Slings
  1146 | D:2      | Reached XP level 4. HP: 29/29 MP: 4/4
  1223 | D:2      | Found an iron altar of Okawaru.
  1239 | D:2      | Became a worshipper of Warmaster Okawaru
  1275 | D:2      | Reached skill level 1 in Armour
  1969 | D:3      | Found a glowing drain.
  1976 | Sewer    | Entered a sewer
  2043 | Sewer    | Noticed a big kobold
  2055 | Sewer    | Killed a big kobold
  2055 | Sewer    | Reached skill level 2 in Armour
  2055 | Sewer    | Reached skill level 1 in Invocations
  2055 | Sewer    | Reached XP level 5. HP: 35/35 MP: 4/6
  2107 | Sewer    | Found a white marble altar of Elyvilon.
  2455 | D:3      | Reached skill level 3 in Dodging
  2628 | D:3      | Reached skill level 2 in Invocations
  2628 | D:3      | Reached XP level 6. HP: 38/41 MP: 7/7
  2986 | D:3      | Found a bloodstained altar of Trog.
  3069 | D:4      | Found a radiant altar of Vehumet.
  3070 | D:4      | Found a sacrificial altar of Ru.
  3107 | D:4      | Noticed an ogre
  3127 | D:4      | Killed an ogre
  3127 | D:4      | Reached * piety under Okawaru
  3127 | D:4      | Reached skill level 3 in Fighting
  3485 | D:4      | Found a staircase to the Ecumenical Temple.
  3581 | D:4      | Reached skill level 8 in Slings
  3581 | D:4      | Reached XP level 7. HP: 46/46 MP: 7/9
  3792 | D:5      | Entered Level 5 of the Dungeon
  3933 | D:5      | Reached skill level 4 in Dodging
  3944 | D:5      | Found Ujafax's Armour Shop.
  3959 | D:5      | Reached skill level 3 in Invocations
  4296 | D:5      | Reached XP level 8. HP: 54/54 MP: 10/10
  4548 | D:5      | Found a runed door.
  4602 | D:5      | Noticed Edmund
  4660 | D:5      | Reached skill level 4 in Fighting
  4660 | D:5      | Reached skill level 9 in Slings
  4660 | D:5      | Reached skill level 4 in Invocations
  4708 | D:5      | Reached skill level 5 in Dodging
  4783 | D:5      | Reached ** piety under Okawaru
  4827 | D:5      | Killed Edmund
  5619 | D:6      | HP: 10/54 [wyvern skeleton (7)]
  5620 | D:6      | HP: 2/54 [bullfrog (3)]
  5625 | D:6      | HP: 13/54 [orc priest/divine providence (9)]
  5645 | D:6      | HP: 11/54 [centaur skeleton (3)]
  5648 | D:6      | HP: 4/54 [centaur skeleton (7)]
  5677 | D:6      | Reached skill level 5 in Invocations
  5707 | D:6      | Reached *** piety under Okawaru
  5707 | D:6      | Reached skill level 10 in Slings
  5707 | D:6      | Reached XP level 9. HP: 28/59 MP: 12/12
  5711 | D:6      | HP: 22/90 [gnoll/club (2)]
  5730 | D:6      | Reached skill level 6 in Dodging
  5731 | D:6      | HP: 22/90 [centaur zombie (3)]
  5735 | D:6      | Reached skill level 5 in Fighting
  5807 | D:6      | HP: 9/61 [orc priest/divine providence (14)]
  5811 | D:6      | Killed from afar by an orc priest

Skill      XL: |  1  2  3  4  5  6  7  8  9 |
---------------+----------------------------+-----
Slings         | 6 7 8 10 | 10.3
Fighting       | 2 3 4 5 |  5.0
Armour         | 2 |  2.1
Invocations    | 1 2 3 5 |  5.6
Dodging        | 3 4 5 6 |  6.3
Stealth        | |  1.1

Action                   |  1- 3 |  4- 6 |  7- 9 || total
-------------------------+-------+-------+-------++-------
Melee: Short sword       |       |     4 |   164 ||   168
 Fire: Hunting sling     |    81 |   187 |   127 ||   395
       Blowgun           |       |     1 |    48 ||    49
Throw: Tomahawk          |       |     8 |    12 ||    20
Evoke: Wand              |       |       |     2 ||     2
  Use: Scroll            |       |     6 |     7 ||    13
       Potion            |       |     1 |     8 ||     9
 Stab: Invisible         |       |       |     5 ||     5
  Eat: Chunk             |       |     4 |     6 ||    10
       Pizza             |       |     1 |       ||     1
       Royal jelly       |       |     1 |       ||     1
       Beef jerky        |       |       |     1 ||     1
Armor: Leather armour    |     1 |       |       ||     1
       Ring mail         |     1 |    29 |   105 ||   135
       Skin              |       |       |    16 ||    16
Dodge: Dodged            |     7 |    46 |   288 ||   341

Vault maps used:
D:1:      shiori_shiawase
D:2:      kennysheep_nondescript, kennysheep_okawaru_gauntlet
D:3:      lemuel_round_altar, lightli_sewer_entry_pipes, serial_park_tiny_pond,
          grunt_ministairs_13, minivault_24
D:4:      chequers_temple_overflow_statue_of_worship, first_bread,
          kennysheep_generic_room_4
D:5:      kennysheep_windowed_goal, uniq_edmund, uniq_crazy_yiuf_cottage
D:6:      regret_index_temple_of_mockery, serial_undead, serial_undead_f,
          serial_undead_e, serial_undead_e, serial_undead_f, serial_undead_d,
          serial_undead_d, nicolae_ashenzari_panopticon
Sewer:    sewer_kobolds

Table legend:
 A = Turns spent in this place as a percentage of turns spent in the entire game.
 B = Non-inter-level travel turns spent in this place as a percentage of non-inter-level travel turns spent in the entire game.
 C = Inter-level travel turns spent in this place as a percentage of turns spent in this place.
 D = Turns resting spent in this place as a percentage of non-inter-level travel turns spent in this place.
 E = Turns spent auto-exploring this place as a percentage of non-inter-level travel turns spent in this place.
 F = Non-inter-level travel turns spent in this place divided by the number of levels of this place that you've seen.
                   A       B       C       D       E      F
               +-------+-------+-------+-------+-------+----------------------
         Total | 100.0 | 100.0 |   0.4 |   0.4 |   7.2 | 262.6
       Dungeon |  94.8 |  94.8 |   0.5 |   0.5 |   7.2 | 290.3
         Sewer |   5.2 |   5.2 |   0.0 |   0.0 |   7.3 |  96.0
               +-------+-------+-------+-------+-------+----------------------

Table legend:
 A = Kills in this place as a percentage of kills in entire the game.
 B = Kills by you in this place as a percentage of kills by you in the entire game.
 C = Kills by friends in this place as a percentage of kills by friends in the entire game.
 D = Other kills in this place as a percentage of other kills in the entire game.
 E = Experience gained in this place as a percentage of experience gained in the entire game.
 F = Experience gained in this place divided by the number of levels of this place that you have seen.
                   A       B       C       D       E      F
               +-------+-------+-------+-------+-------+----------------------
         Total | 100.0 | 100.0 |  -nan |  -nan | 100.0 | 353.0
       Dungeon |  92.1 |  92.1 |  -nan |  -nan |  95.1 | 391.8
         Sewer |   7.9 |   7.9 |  -nan |  -nan |   4.9 | 120.0
               +-------+-------+-------+-------+-------+----------------------
